TOP OF THE 1ST |
West Palm Reds batting - Pitching for Gainesville Guidos : RHP Pat Wright
|
Pitching: RHP Pat Wright
|
|
Batting: SHB Francis Shaffer
|
0-0: Foul Ball, location: 2F 0-1: Ball 1-1: Swinging Strike 1-2: Strikes out swinging
|
Batting: RHB Juan Vareas
|
0-0: Ball 1-0: Ball 2-0: SINGLE (Line Drive, 9S)
|
Batting: LHB Enrique Cortéz
|
0-0: Swinging Strike 0-1: Foul Ball, location: 2F 0-2: Ball 1-2: Ball 2-2: Foul Ball, location: 2F 2-2: Fly out, F2 (Popup, 2LF)
|
Batting: LHB Jeff McKinney
|
0-0: Swinging Strike 0-1: Ball 1-1: Foul Ball, location: 2F 1-2: Strikes out looking
|
Top of the 1st over - 0 run(s), 1 hit(s), 0 error(s), 1 left on base; West Palm 0 - Gainesville 0 |
BOTTOM OF THE 1ST |
Gainesville Guidos batting - Pitching for West Palm Reds : RHP Andy Hickey
|
Pitching: RHP Andy Hickey
|
|
Batting: RHB Pedro Mata
|
0-0: Called Strike 0-1: Ball 1-1: Foul Ball, location: 2F 1-2: Foul Ball, location: 2F 1-2: Strikes out swinging
|
Batting: RHB Victor Andrews
|
0-0: Foul Ball, location: 2F 0-1: Ball 1-1: SINGLE (Line Drive, 6MD)
|
Batting: LHB Sergio Barrón
|
0-0: Ball 1-0: Ball 2-0: DOUBLE (Line Drive, 9LM) Victor Andrews to third
|
Batting: RHB José Fernández
|
0-0: Ball 1-0: Ball 2-0: Foul Ball, location: 2F 2-1: Ball 3-1: Base on Balls
|
Batting: LHB Ed Hart
|
0-0: Called Strike 0-1: Foul Ball, location: 2F 0-2: Ball 1-2: Strikes out swinging
|
Batting: RHB Noriyori Ine
|
0-0: Foul Ball, location: 2F 0-1: Ball 1-1: Called Strike 1-2: Ball 2-2: Ball 3-2: Foul Ball, location: 2F 3-2: Fly out, F3 (Popup, 3F)
|
Bottom of the 1st over - 0 run(s), 2 hit(s), 0 error(s), 3 left on base; West Palm 0 - Gainesville 0 |
TOP OF THE 2ND |
West Palm Reds batting - Pitching for Gainesville Guidos : RHP Pat Wright
|
Batting: SHB Todd Smith
|
0-0: Called Strike 0-1: SINGLE (Line Drive, 4M)
|
Batting: RHB Jack Ray
|
0-0: Ball 1-0: Ball 2-0: SINGLE (Line Drive, 89S) Todd Smith to second
|
Batting: LHB Jeff Doss
|
0-0: Ball 1-0: Ball 2-0: Ball Wild Pitch! Todd Smith to third Jack Ray to second 3-0: Called Strike 3-1: Swinging Strike 3-2: Foul Ball, location: 2F 3-2: Foul Ball, location: 2F 3-2: Base on Balls
|
Batting: LHB Bill Smith
|
0-0: Called Strike 0-1: Swinging Strike 0-2: Strikes out looking
|
Batting: SHB Alex Hayes
|
0-0: Foul Ball, location: 2F 0-1: Swinging Strike 0-2: Foul Ball, location: 2F 0-2: Ball 1-2: Hit by Pitch Todd Smith scores Jack Ray to third Jeff Doss to second
|
Batting: SHB Francis Shaffer
|
0-0: Ball 1-0: Ball 2-0: Ball 3-0: Base on Balls Jack Ray scores Jeff Doss to third Alex Hayes to second
|
Batting: RHB Juan Vareas
|
0-0: Fly out, F3 (Popup, 3F)
|
Batting: LHB Enrique Cortéz
|
0-0: Ground out U3 (Groundball, 3)
|
Top of the 2nd over - 2 run(s), 2 hit(s), 0 error(s), 3 left on base; West Palm 2 - Gainesville 0 |
BOTTOM OF THE 2ND |
Gainesville Guidos batting - Pitching for West Palm Reds : RHP Andy Hickey
|
Batting: SHB Reynaldo Gallegos
|
0-0: Called Strike 0-1: Foul Ball, location: 2F 0-2: Foul Ball, location: 2F 0-2: Ball 1-2: Strikes out swinging
|
Batting: RHB Jason Saunders
|
0-0: Ball 1-0: Fly out, F7 (Flyball, 7M)
|
Batting: LHB Mark Owens
|
0-0: Swinging Strike 0-1: Called Strike 0-2: Strikes out swinging
|
Bottom of the 2nd over - 0 run(s), 0 hit(s), 0 error(s), 0 left on base; West Palm 2 - Gainesville 0 |
TOP OF THE 3RD |
West Palm Reds batting - Pitching for Gainesville Guidos : RHP Pat Wright
|
Batting: LHB Jeff McKinney
|
0-0: Ground out 4-3 (Groundball, 34)
|
Batting: SHB Todd Smith
|
0-0: Swinging Strike 0-1: Foul Ball, location: 2F 0-2: Strikes out swinging
|
Batting: RHB Jack Ray
|
0-0: Called Strike 0-1: Ball 1-1: Ball 2-1: Foul Ball, location: 2F 2-2: Ball 3-2: Base on Balls
|
Batting: LHB Jeff Doss
|
0-0: Fly out, F7 (Line Drive, 7S)
|
Top of the 3rd over - 0 run(s), 0 hit(s), 0 error(s), 1 left on base; West Palm 2 - Gainesville 0 |
BOTTOM OF THE 3RD |
Gainesville Guidos batting - Pitching for West Palm Reds : RHP Andy Hickey
|
Batting: RHB Pedro Mata
|
0-0: Called Strike 0-1: Ball 1-1: Called Strike 1-2: Ball 2-2: Foul Ball, location: 2F 2-2: Foul Ball, location: 2F 2-2: Foul Ball, location: 2F 2-2: Foul Ball, location: 2F 2-2: SOLO HOME RUN (Flyball, 78XD), Distance : 381 ft
|
Batting: RHB Victor Andrews
|
0-0: Called Strike 0-1: Ball 1-1: Ball 2-1: Ball 3-1: Base on Balls
|
Batting: LHB Sergio Barrón
|
0-0: Foul Ball, location: 2F 0-1: Foul Ball, location: 2F 0-2: Ball 1-2: Foul Ball, location: 2F 1-2: Ball 2-2: Ball 3-2: Strikes out looking
|
Batting: RHB José Fernández
|
0-0: Ball 1-0: Called Strike 1-1: Called Strike 1-2: SINGLE (Groundball, 6M) Victor Andrews to second
|
Batting: LHB Ed Hart
|
0-0: Called Strike 0-1: Ball 1-1: Fielders Choice at 2nd, 4-6 (Groundball, 34) Victor Andrews to third
|
Batting: RHB Noriyori Ine
|
0-0: Fly out, F6 (Popup, 6MD)
|
Bottom of the 3rd over - 1 run(s), 2 hit(s), 0 error(s), 2 left on base; West Palm 2 - Gainesville 1 |
TOP OF THE 4TH |
West Palm Reds batting - Pitching for Gainesville Guidos : RHP Pat Wright
|
Batting: LHB Bill Smith
|
0-0: Fly out, F9 (Flyball, 89M)
|
Batting: SHB Alex Hayes
|
0-0: Called Strike 0-1: Foul Ball, location: 2F 0-2: Ball 1-2: DOUBLE (Flyball, 7LM)
|
Batting: SHB Francis Shaffer
|
0-0: Ground out 6-3 (Groundball, 6M) Alex Hayes to third
|
Batting: RHB Juan Vareas
|
0-0: Called Strike 0-1: Ball 1-1: Called Strike 1-2: Fly out, F6 (Popup, 4M)
|
Top of the 4th over - 0 run(s), 1 hit(s), 0 error(s), 1 left on base; West Palm 2 - Gainesville 1 |
BOTTOM OF THE 4TH |
Gainesville Guidos batting - Pitching for West Palm Reds : RHP Andy Hickey
|
Batting: SHB Reynaldo Gallegos
|
0-0: Ground out 1-3 (Groundball, 13S)
|
Batting: RHB Jason Saunders
|
0-0: Ball 1-0: Swinging Strike 1-1: Swinging Strike 1-2: Ball 2-2: Foul Ball, location: 2F 2-2: Strikes out swinging
|
Batting: LHB Mark Owens
|
0-0: Ball 1-0: Fly out, F8 (Flyball, 8RM)
|
Bottom of the 4th over - 0 run(s), 0 hit(s), 0 error(s), 0 left on base; West Palm 2 - Gainesville 1 |
TOP OF THE 5TH |
West Palm Reds batting - Pitching for Gainesville Guidos : RHP Pat Wright
|
Batting: LHB Enrique Cortéz
|
0-0: Ball 1-0: SINGLE (Line Drive, 4D)
|
Batting: LHB Jeff McKinney
|
0-0: Foul Ball, location: 2F 0-1: Foul Ball, location: 2F 0-2: Ball 1-2: Strikes out looking
|
Batting: SHB Todd Smith
|
0-0: Ball 1-0: Ball 2-0: Fly out, F6 (Popup, 56)
|
Batting: RHB Jack Ray
|
0-0: Foul Ball, location: 2F 0-1: Swinging Strike 0-2: Ball 1-2: Ball 2-2: Strikes out swinging
|
Top of the 5th over - 0 run(s), 1 hit(s), 0 error(s), 1 left on base; West Palm 2 - Gainesville 1 |
BOTTOM OF THE 5TH |
Gainesville Guidos batting - Pitching for West Palm Reds : RHP Andy Hickey
|
Batting: RHB Pedro Mata
|
0-0: Foul Ball, location: 2F 0-1: Called Strike 0-2: Foul Ball, location: 2F 0-2: Ball 1-2: Ball 2-2: Foul Ball, location: 2F 2-2: Foul Ball, location: 2F 2-2: Foul Ball, location: 2F 2-2: Ball 3-2: Ground out 5-3 (Groundball, 56)
|
Pitching: RHP Butch Ramey
|
|
Batting: RHB Victor Andrews
|
0-0: Called Strike 0-1: DOUBLE (Flyball, 9LM)
|
Batting: LHB Sergio Barrón
|
0-0: Called Strike 0-1: Ball 1-1: Called Strike 1-2: DOUBLE (Line Drive, 5D) Victor Andrews scores
|
Batting: RHB José Fernández
|
0-0: Called Strike 0-1: Ball 1-1: Ball 2-1: Foul Ball, location: 2F 2-2: Ball 3-2: Strikes out swinging
|
Batting: LHB Ed Hart
|
0-0: Called Strike 0-1: Foul Ball, location: 2F 0-2: Strikes out swinging
|
Bottom of the 5th over - 1 run(s), 2 hit(s), 0 error(s), 1 left on base; West Palm 2 - Gainesville 2 |
TOP OF THE 6TH |
West Palm Reds batting - Pitching for Gainesville Guidos : RHP Pat Wright
|
Batting: LHB Jeff Doss
|
0-0: Swinging Strike 0-1: Called Strike 0-2: Ball 1-2: Strikes out looking
|
Batting: LHB Bill Smith
|
0-0: Called Strike 0-1: Swinging Strike 0-2: Ball 1-2: Strikes out swinging
|
Batting: SHB Alex Hayes
|
0-0: SOLO HOME RUN (Flyball, 8RXD), Distance : 423 ft
|
Batting: SHB Francis Shaffer
|
0-0: Swinging Strike 0-1: Ball 1-1: Swinging Strike 1-2: Strikes out swinging
|
Top of the 6th over - 1 run(s), 1 hit(s), 0 error(s), 0 left on base; West Palm 3 - Gainesville 2 |
BOTTOM OF THE 6TH |
Gainesville Guidos batting - Pitching for West Palm Reds : RHP Butch Ramey
|
Batting: RHB Noriyori Ine
|
0-0: Foul Ball, location: 2F 0-1: Ball 1-1: Ball 2-1: Ground out 6-3 (Groundball, 6M)
|
Batting: SHB Reynaldo Gallegos
|
0-0: Foul Ball, location: 2F 0-1: Foul Ball, location: 2F 0-2: Foul Ball, location: 2F 0-2: Strikes out swinging
|
Batting: RHB Jason Saunders
|
0-0: Ball 1-0: Called Strike 1-1: Ball 2-1: Foul Ball, location: 2F 2-2: SINGLE (Groundball, 4)
|
Batting: LHB Mark Owens
|
0-0: Ball 1-0: SINGLE (Line Drive, 34) Jason Saunders to second
|
Batting: RHB Pedro Mata
|
0-0: Called Strike 0-1: Foul Ball, location: 2F 0-2: Ball 1-2: Foul Ball, location: 2F 1-2: Foul Ball, location: 2F 1-2: Foul Ball, location: 2F 1-2: Fly out, F8 (Flyball, 8RM)
|
Bottom of the 6th over - 0 run(s), 2 hit(s), 0 error(s), 2 left on base; West Palm 3 - Gainesville 2 |
TOP OF THE 7TH |
West Palm Reds batting - Pitching for Gainesville Guidos : RHP Pat Wright
|
Batting: RHB Juan Vareas
|
0-0: Called Strike 0-1: SOLO HOME RUN (Flyball, 9D), Distance : 371 ft
|
Batting: LHB Enrique Cortéz
|
0-0: Ball 1-0: SINGLE (Groundball, 56D) (infield hit)
|
Pitching: LHP Mike Scott
|
|
Batting: LHB Jeff McKinney
|
0-0: Called Strike 0-1: Ball 1-1: Fielders Choice at 2nd, 4-6 (Groundball, 4)
|
Batting: SHB Todd Smith
|
0-0: Ball 1-0: Ball 2-0: Called Strike 2-1: Ball 3-1: Foul Ball, location: 2F 3-2: 2-RUN HOME RUN (Flyball, 7LD), Distance : 343 ft
|
Batting: RHB Jack Ray
|
0-0: Called Strike 0-1: Fly out, F9 (Flyball, 89S)
|
Batting: LHB Jeff Doss
|
0-0: Ball 1-0: Swinging Strike 1-1: Called Strike 1-2: Strikes out swinging
|
Top of the 7th over - 3 run(s), 3 hit(s), 0 error(s), 0 left on base; West Palm 6 - Gainesville 2 |
BOTTOM OF THE 7TH |
Gainesville Guidos batting - Pitching for West Palm Reds : RHP Butch Ramey
|
Batting: RHB Victor Andrews
|
0-0: Ground out 4-3 (Groundball, 4)
|
Pitching: RHP Javier Valenzuela
|
|
Batting: LHB Sergio Barrón
|
0-0: Called Strike 0-1: Ball 1-1: Ball 2-1: Foul Ball, location: 2F 2-2: Ball 3-2: Strikes out looking
|
Batting: RHB José Fernández
|
0-0: Ball 1-0: Foul Ball, location: 2F 1-1: Foul Ball, location: 2F 1-2: SINGLE (Groundball, 6MD)
|
Batting: LHB Ed Hart
|
0-0: Called Strike 0-1: Ball Wild Pitch! José Fernández to second 1-1: Ball 2-1: Called Strike 2-2: Ground out 1-3 (Groundball, 13)
|
Bottom of the 7th over - 0 run(s), 1 hit(s), 0 error(s), 1 left on base; West Palm 6 - Gainesville 2 |
TOP OF THE 8TH |
West Palm Reds batting - Pitching for Gainesville Guidos : LHP Mike Scott
|
Batting: LHB Bill Smith
|
0-0: Called Strike 0-1: Ball 1-1: Called Strike 1-2: Strikes out swinging
|
Batting: SHB Alex Hayes
|
0-0: Ground out 6-3 (Groundball, 6)
|
Batting: SHB Francis Shaffer
|
0-0: Ball 1-0: Swinging Strike 1-1: Called Strike 1-2: Ball 2-2: Foul Ball, location: 2F 2-2: Strikes out swinging
|
Top of the 8th over - 0 run(s), 0 hit(s), 0 error(s), 0 left on base; West Palm 6 - Gainesville 2 |
BOTTOM OF THE 8TH |
Gainesville Guidos batting - Pitching for West Palm Reds : RHP Javier Valenzuela
|
Batting: RHB Noriyori Ine
|
0-0: Ball 1-0: Ball 2-0: Fly out, F4 (Popup, 6MD)
|
Batting: SHB Reynaldo Gallegos
|
0-0: Ball 1-0: SINGLE (Line Drive, 9LS)
|
Batting: RHB Jason Saunders
|
Pickoff Throw to First - Error! E1 Reynaldo Gallegos to second 0-0: Ball 1-0: Foul Ball, location: 2F 1-1: Ball 2-1: Swinging Strike 2-2: SINGLE (Groundball, 34) Reynaldo Gallegos to third Runner from 3rd tries for Home, SAFE, no throw or cutoff
|
Batting: LHB Mark Owens
|
0-0: Ball 1-0: Foul Ball, location: 2F 1-1: Ball 2-1: Called Strike 2-2: Foul Ball, location: 2F 2-2: Ball 3-2: Strikes out looking
|
Batting: RHB Pedro Mata
|
Pickoff Throw to First - Error! E1 Jason Saunders to second 0-0: Swinging Strike 0-1: Foul Ball, location: 2F 0-2: Strikes out swinging
|
Bottom of the 8th over - 1 run(s), 2 hit(s), 2 error(s), 1 left on base; West Palm 6 - Gainesville 3 |
TOP OF THE 9TH |
West Palm Reds batting - Pitching for Gainesville Guidos : LHP Mike Scott
|
Batting: RHB Juan Vareas
|
0-0: Called Strike 0-1: Ground out 1-3 (Groundball, 25)
|
Pitching: RHP Lance Sanders
|
|
Batting: LHB Enrique Cortéz
|
0-0: Ball 1-0: Ball 2-0: Foul Ball, location: 2F 2-1: Ball 3-1: Base on Balls
|
Batting: LHB Jeff McKinney
|
0-0: Ball 1-0: Called Strike 1-1: Ball 2-1: DOUBLE (Line Drive, 78XD) Enrique Cortéz to third
|
Batting: SHB Todd Smith
|
0-0: Foul Ball, location: 2F 0-1: Ball 1-1: Fly out, F8 (Flyball, 8RD) Runner from 3rd tags up, SCORES, no throw
|
Batting: RHB Jack Ray
|
Balk! Jeff McKinney to third 0-0: Swinging Strike 0-1: Foul Ball, location: 2F 0-2: Ball 1-2: Foul Ball, location: 2F 1-2: Ground out 4-3 (Groundball, 34)
|
Top of the 9th over - 1 run(s), 1 hit(s), 0 error(s), 1 left on base; West Palm 7 - Gainesville 3 |
BOTTOM OF THE 9TH |
Gainesville Guidos batting - Pitching for West Palm Reds : RHP Javier Valenzuela
|
Batting: RHB Victor Andrews
|
0-0: Called Strike 0-1: Called Strike 0-2: Strikes out looking
|
Batting: LHB Sergio Barrón
|
0-0: Ground out 6-3 (Groundball, 6)
|
Batting: RHB José Fernández
|
0-0: Ball 1-0: Called Strike 1-1: Fly out, F8 (Line Drive, 8LS)
|
Bottom of the 9th over - 0 run(s), 0 hit(s), 0 error(s), 0 left on base; West Palm 7 - Gainesville 3 |
|